 Dungeon Crawl Stone Soup version 0.21-a0-79-g04744e2 (webtiles) character file.

472 KristoblXynda the Covered (level 6, -9/47 HPs)
             Began as a Demonspawn Fighter on June 22, 2017.
             Mangled by an ogre
             ... wielding a +0 giant spiked club
              (18 damage)
             ... on level 4 of the Dungeon.
             The game lasted 00:06:06 (2264 turns).

KristoblXynda the Covered (Demonspawn Fighter)      Turns: 2264, Time: 00:06:08

Health: -9/47      AC:  7    Str: 17    XL:     6   Next: 83%
Magic:  0/6        EV:  8    Int: 10    God:
Gold:   161        SH:  9    Dex: 13    Spells: 5/5 levels left

rFire    . . .     SeeInvis .   a - +2 long sword
rCold    . . .     Gourm    .   c - +0 shield
rNeg     . . .     Faith    .   e - +0 scale mail
rPois    +         Spirit   +   (no helmet)
rElec    .         Reflect  .   (no cloak)
rCorr    .         Harm     .   (no gloves)
MR       .....                  (no boots)
Stlth    ..........             (no amulet)
HPRegen  0.15/turn              h - ring of poison resistance
MPRegen  0.10/turn              t - ring of wizardry

@: no status effects
A: talons 1, magic shield, sturdy frame 1
a: no special abilities


You were on level 4 of the Dungeon.
You were hungry.

You visited 1 branch of the dungeon, and saw 4 of its levels.
You also visited: Sewer.

You collected 161 gold pieces.

Inventory:

Hand Weapons
 a - a +2 long sword (weapon)
Armour
 c - a +0 shield (worn)
 e - a +0 scale mail (worn)
Jewellery
 h - a ring of poison resistance (left hand)
 t - a ring of wizardry (right hand)
Scrolls
 b - a scroll of recharging
 g - 2 scrolls of enchant weapon
 k - 2 scrolls of identify
 p - a scroll of teleportation
 s - a scroll of fear
Potions
 d - 3 potions of might
 j - a potion of magic
 l - a potion of curing
 m - a potion of brilliance
 r - a potion of cancellation
Books
 o - a book of the Sky

   Spells                             Type                      Level
   a - Summon Lightning Spire         Summoning/Air                4
   b - Silence                        Hexes/Air                    5
   c - Deflect Missiles               Charms/Air                   6
   d - Conjure Ball Lightning         Conjuration/Air              6
   e - Tornado                        Air                          9
Comestibles
 f - 3 bread rations
 i - 3 fruits
 n - 3 meat rations
 q - a royal jelly


   Skills:
 - Level 3.0 Fighting
 + Level 4.2 Long Blades
 + Level 4.6 Armour
 + Level 4.4 Shields


You had 5 spell levels left.
You didn't know any spells.

Dungeon Overview and Level Annotations

Branches:
Dungeon (4/15)
 Temple: D:4-7

Altars:
The Shining One


Innate Abilities, Weirdness & Mutations

You have sharp toenails.
When hurt, damage is shared between your health and your magic reserves.
Your movements are slightly less encumbered by armour. (ER -2)


Message History

You block the ogre's attack.
You slash the ogre!
The ogre is moderately wounded.
The ogre closely misses you.
You hit the ogre. You claw the ogre, but do no damage.
The ogre is moderately wounded.
You hit the ogre. You claw the ogre, but do no damage.
The ogre is heavily wounded.
The ogre hits you with a giant spiked club!!
* * * LOW HITPOINT WARNING * * *
You slash the ogre!
The ogre is almost dead.
You block the ogre's attack.
You hit the ogre. You claw the ogre, but do no damage.
The ogre is almost dead.
You block the ogre's attack.
You hit the ogre but do no damage.
The ogre is almost dead.
The ogre hits you with a giant spiked club!!
You die...

# #.#####
......##
##...#######.#
#.....@O.....#
#....#########
#<#.## #.#.#
#.#.# #.#.#
#.#.# #.#.#
#.#.#


You could see an ogre.

Vanquished Creatures
  A centaur (D:3)
  2 big kobolds (Sewer)
  An orc wizard (D:3)
  10 adders
  A river rat (Sewer)
  A shadow imp (D:3)
  2 oozes (Sewer)
  5 worms
  2 dart slugs (D:1)
  2 leopard geckos
  5 orcs (D:3)
  4 giant cockroaches
  9 goblins
  6 hobgoblins
  A quokka (D:3)
  12 ball pythons
  7 bats
  2 frilled lizards
  13 kobolds
  5 rats
91 creatures vanquished.

Notes
Turn   | Place    | Note
-------+----------+-------------------------------------------
     0 | D:1      | KristoblXynda the Demonspawn Fighter began the quest for the Orb.
     0 | D:1      | Reached XP level 1. HP: 18/18 MP: 1/1
    99 | D:1      | Gained mutation: Your movements are slightly less encumbered by armour. (ER -2) [demonic ancestry]
    99 | D:1      | Reached XP level 2. HP: 20/24 MP: 2/2
   485 | D:2      | Gained mutation: You have sharp toenails. [demonic ancestry]
   485 | D:2      | Reached XP level 3. HP: 28/29 MP: 3/3
   660 | D:2      | Reached XP level 4. HP: 35/35 MP: 4/4
  1128 | D:3      | HP: 1/35 [shadow imp/nerve-wracking pain (12)]
  1209 | D:3      | Noticed a centaur
  1215 | D:3      | Killed a centaur
  1215 | D:3      | Reached XP level 5. HP: 14/41 MP: 5/5
  1309 | D:3      | Found a glowing drain.
  1335 | Sewer    | Entered a sewer
  1588 | Sewer    | Gained mutation: When hurt, damage is shared between your health and your magic reserves. [demonic ancestry]
  1588 | Sewer    | Reached XP level 6. HP: 40/47 MP: 6/6
  1791 | D:3      | Found a glowing golden altar of the Shining One.
  2264 | D:4      | Mangled by an ogre

Vault maps used:
D:1:      onia_arrival_handbag, minmay_octomino_j4
D:2:      serial_bayou_crossing
D:3:      lemuel_coloured_pillars_altar, portal_sewer_entry_c
D:4:      kennysheep_cross_bottleneck
Sewer:    sewer_co_15_rooms

Skill      XL: |  1  2  3  4  5  6 |
---------------+-------------------+-----
Long Blades    | 2 3 4 |  4.2
Armour         | 3 4 |  4.6
Shields        | 3 4 |  4.4
Fighting       | |  3.0

Action                   |  1- 3 |  4- 6 || total
-------------------------+-------+-------++-------
Melee: Long sword        |   101 |   263 ||   364
       Kick              |     8 |    59 ||    67
  Use: Potion            |     2 |     1 ||     3
       Scroll            |       |    14 ||    14
  Eat: Chunk             |       |     4 ||     4
       Fruit             |       |     1 ||     1
Armor: Scale mail        |    69 |   106 ||   175
Dodge: Dodged            |    27 |    83 ||   110
Block: Shield            |    52 |   136 ||   188
       Rpst.: Long sword |     6 |    20 ||    26
